TOP OF THE 1ST |
Austin River Sharks batting - Pitching for Seattle Pikes : RHP António Rijo
|
Pitching: RHP António Rijo
|
|
Batting: RHB Orlando Bruno
|
0-0: Ball 1-0: Called Strike 1-1: Ball 2-1: Swinging Strike 2-2: Ball 3-2: Strikes out looking
|
Batting: RHB Carlos Guzmán
|
0-0: Ball 1-0: Ground out 6-3 (Groundball, 6)
|
Batting: SHB Juan Castro
|
0-0: Called Strike 0-1: Foul Ball, location: 2F 0-2: Ball 1-2: SINGLE (Groundball, 5S) (infield hit)
|
Batting: LHB Pedro Zaragoza
|
0-0: Called Strike 0-1: Foul Ball, location: 2F 0-2: Ball 1-2: Strikes out looking
|
Top of the 1st over - 0 run(s), 1 hit(s), 0 error(s), 1 left on base; Austin 0 - Seattle 0 |
BOTTOM OF THE 1ST |
Seattle Pikes batting - Pitching for Austin River Sharks : RHP In-ho Om
|
Pitching: RHP In-ho Om
|
|
Batting: LHB Roberto Lozano
|
0-0: Fly out, F7 (Flyball, 7LM)
|
Batting: SHB António Hernández
|
0-0: Ball 1-0: Ball 2-0: Ball 3-0: Base on Balls
|
Batting: RHB António Ortega
|
0-0: Ball 1-0: Foul Ball, location: 2F 1-1: Ball 2-1: Called Strike 2-2: DOUBLE (Line Drive, 78D) António Hernández to third
|
Batting: RHB Manuel Rico
|
0-0: Ball 1-0: Swinging Strike 1-1: Called Strike 1-2: Ball 2-2: Strikes out swinging
|
Batting: RHB Pete Rideout
|
0-0: Called Strike 0-1: Called Strike 0-2: Ball 1-2: Foul Ball, location: 2F 1-2: Foul Ball, location: 2F 1-2: Foul Ball, location: 2F 1-2: Foul Ball, location: 2F 1-2: Fly out, F9 (Flyball, 89S)
|
Bottom of the 1st over - 0 run(s), 1 hit(s), 0 error(s), 2 left on base; Austin 0 - Seattle 0 |
TOP OF THE 2ND |
Austin River Sharks batting - Pitching for Seattle Pikes : RHP António Rijo
|
Batting: RHB Kenneth Roberts
|
0-0: Called Strike 0-1: Ball 1-1: Foul Ball, location: 2F 1-2: Ball 2-2: Foul Ball, location: 2F 2-2: Ball 3-2: Ground out 6-3 (Groundball, 6)
|
Batting: LHB Harry Pitts
|
0-0: Swinging Strike 0-1: Ball 1-1: Ground out 4-3 (Groundball, 4)
|
Batting: LHB Terry Maloney
|
0-0: Ball 1-0: Ball 2-0: Foul Ball, location: 2F 2-1: Foul Ball, location: 2F 2-2: Ball 3-2: Fly out, F8 (Flyball, 78S)
|
Top of the 2nd over - 0 run(s), 0 hit(s), 0 error(s), 0 left on base; Austin 0 - Seattle 0 |
BOTTOM OF THE 2ND |
Seattle Pikes batting - Pitching for Austin River Sharks : RHP In-ho Om
|
Batting: RHB Roberto Zamora
|
0-0: Ball 1-0: Ball 2-0: Ball 3-0: Called Strike 3-1: Fly out, F8 (Flyball, 8RS)
|
Batting: RHB Wallace Greene
|
0-0: Foul Ball, location: 2F 0-1: Ball 1-1: Ball 2-1: Swinging Strike 2-2: Strikes out swinging
|
Batting: LHB John Nicholson
|
0-0: Fly out, F9 (Flyball, 9D)
|
Bottom of the 2nd over - 0 run(s), 0 hit(s), 0 error(s), 0 left on base; Austin 0 - Seattle 0 |
TOP OF THE 3RD |
Austin River Sharks batting - Pitching for Seattle Pikes : RHP António Rijo
|
Batting: RHB Clark Hodge
|
0-0: Ground out 5-3 (Groundball, 56)
|
Batting: SHB Juan Acevado
|
0-0: Ball 1-0: Ball 2-0: Called Strike 2-1: Ball 3-1: Called Strike 3-2: Strikes out swinging
|
Batting: RHB Orlando Bruno
|
0-0: Ball 1-0: Ball 2-0: Ball 3-0: Called Strike 3-1: Foul Ball, location: 2F 3-2: Foul Ball, location: 2F 3-2: Strikes out swinging passed ball, reaches first!
|
Batting: RHB Carlos Guzmán
|
0-0: Called Strike 0-1: Ball 1-1: Ball Wild Pitch! Orlando Bruno to second 2-1: Ball 3-1: Called Strike 3-2: Foul Ball, location: 2F 3-2: Ground out 4-3 (Groundball, 4)
|
Top of the 3rd over - 0 run(s), 0 hit(s), 0 error(s), 1 left on base; Austin 0 - Seattle 0 |
BOTTOM OF THE 3RD |
Seattle Pikes batting - Pitching for Austin River Sharks : RHP In-ho Om
|
Batting: RHB Iván Gonzáles
|
0-0: Ball 1-0: Called Strike 1-1: SINGLE (Line Drive, 4M)
|
Batting: LHB Roberto Lozano
|
0-0: Swinging Strike 0-1: Called Strike 0-2: Foul Ball, location: 2F 0-2: Strikes out swinging
|
Batting: SHB António Hernández
|
0-0: Called Strike 0-1: Ball 1-1: Ball 2-1: Foul Ball, location: 2F 2-2: Ball 3-2: Base on Balls Iván Gonzáles to second
|
Batting: RHB António Ortega
|
0-0: Ball 1-0: Swinging Strike 1-1: Ball 2-1: Ball 3-1: Fly out, F6 (Line Drive, 6)
|
Batting: RHB Manuel Rico
|
0-0: DOUBLE (Line Drive, 7LS) Iván Gonzáles scores António Hernández to third Runner from 3rd tries for Home, SAFE, no throw
|
Batting: RHB Pete Rideout
|
0-0: Fly out, F8 (Line Drive, 8LD)
|
Bottom of the 3rd over - 2 run(s), 2 hit(s), 0 error(s), 1 left on base; Austin 0 - Seattle 2 |
TOP OF THE 4TH |
Austin River Sharks batting - Pitching for Seattle Pikes : RHP António Rijo
|
Batting: SHB Juan Castro
|
0-0: Ball 1-0: Reached on error, E1 (Groundball, 13)
|
Batting: LHB Pedro Zaragoza
|
0-0: Called Strike 0-1: Called Strike 0-2: Strikes out looking
|
Batting: RHB Kenneth Roberts
|
0-0: Ball 1-0: 2-RUN HOME RUN (Flyball, 8LXD), Distance : 429 ft
|
Batting: LHB Harry Pitts
|
0-0: Fly out, F8 (Flyball, 78M)
|
Batting: LHB Terry Maloney
|
0-0: Called Strike 0-1: Ball 1-1: Ball 2-1: Ball 3-1: Called Strike 3-2: Strikes out looking
|
Top of the 4th over - 2 run(s), 1 hit(s), 1 error(s), 0 left on base; Austin 2 - Seattle 2 |
BOTTOM OF THE 4TH |
Seattle Pikes batting - Pitching for Austin River Sharks : RHP In-ho Om
|
Batting: RHB Roberto Zamora
|
0-0: Called Strike 0-1: Swinging Strike 0-2: Ball 1-2: Ball 2-2: Ground out 6-3 (Groundball, 56)
|
Batting: RHB Wallace Greene
|
0-0: Ball 1-0: Ball 2-0: Foul Ball, location: 2F 2-1: Ground out 4-3 (Groundball, 4)
|
Batting: LHB John Nicholson
|
0-0: Ball 1-0: Foul Ball, location: 2F 1-1: Fly out, F8 (Flyball, 8RS)
|
Bottom of the 4th over - 0 run(s), 0 hit(s), 0 error(s), 0 left on base; Austin 2 - Seattle 2 |
TOP OF THE 5TH |
Austin River Sharks batting - Pitching for Seattle Pikes : RHP António Rijo
|
Batting: RHB Clark Hodge
|
0-0: Ball 1-0: Ball 2-0: Called Strike 2-1: Foul Ball, location: 2F 2-2: Strikes out swinging
|
Batting: SHB Juan Acevado
|
0-0: Called Strike 0-1: Ground out 6-3 (Groundball, 56)
|
Batting: RHB Orlando Bruno
|
0-0: Ball 1-0: Ground out 5-3 (Groundball, 56S)
|
Top of the 5th over - 0 run(s), 0 hit(s), 0 error(s), 0 left on base; Austin 2 - Seattle 2 |
BOTTOM OF THE 5TH |
Seattle Pikes batting - Pitching for Austin River Sharks : RHP In-ho Om
|
Batting: RHB Iván Gonzáles
|
0-0: Fly out, F8 (Flyball, 8LD)
|
Batting: LHB Roberto Lozano
|
0-0: Called Strike 0-1: Ball 1-1: Ball 2-1: Ball 3-1: Fly out, F7 (Line Drive, 7LM)
|
Batting: SHB António Hernández
|
0-0: Ball 1-0: Ball 2-0: Called Strike 2-1: Ball 3-1: Base on Balls
|
Batting: RHB António Ortega
|
0-0: Called Strike 0-1: Ball 1-1: DOUBLE (Flyball, 7D) António Hernández to third
|
Batting: RHB Manuel Rico
|
0-0: Called Strike 0-1: Ball Wild Pitch! António Hernández scores António Ortega to third 1-1: Swinging Strike 1-2: Foul Ball, location: 2F 1-2: Ball 2-2: SINGLE (Groundball, 56D) António Ortega scores
|
Batting: RHB Pete Rideout
|
0-0: Ball 1-0: Called Strike 1-1: Ball Manuel Rico is caught stealing 2nd base
|
Bottom of the 5th over - 2 run(s), 2 hit(s), 0 error(s), 0 left on base; Austin 2 - Seattle 4 |
TOP OF THE 6TH |
Austin River Sharks batting - Pitching for Seattle Pikes : RHP António Rijo
|
Batting: RHB Carlos Guzmán
|
0-0: Fly out, F9 (Flyball, 89S)
|
Batting: SHB Juan Castro
|
0-0: Ball 1-0: Foul Ball, location: 2F 1-1: Ball 2-1: Swinging Strike 2-2: Strikes out swinging
|
Batting: LHB Pedro Zaragoza
|
0-0: Called Strike 0-1: Foul Ball, location: 2F 0-2: Ball 1-2: Strikes out swinging
|
Top of the 6th over - 0 run(s), 0 hit(s), 0 error(s), 0 left on base; Austin 2 - Seattle 4 |
BOTTOM OF THE 6TH |
Seattle Pikes batting - Pitching for Austin River Sharks : RHP In-ho Om
|
Batting: RHB Pete Rideout
|
0-0: Fly out, F8 (Line Drive, 8RD)
|
Batting: RHB Roberto Zamora
|
0-0: Ball 1-0: Fly out, F8 (Flyball, 8LM)
|
Batting: RHB Wallace Greene
|
0-0: Ground out 5-3 (Groundball, 56)
|
Bottom of the 6th over - 0 run(s), 0 hit(s), 0 error(s), 0 left on base; Austin 2 - Seattle 4 |
TOP OF THE 7TH |
Austin River Sharks batting - Pitching for Seattle Pikes : RHP António Rijo
|
Batting: RHB Kenneth Roberts
|
0-0: Foul Ball, location: 2F 0-1: Ball 1-1: Ball 2-1: Ball 3-1: Foul Ball, location: 2F 3-2: Strikes out looking
|
Batting: LHB Harry Pitts
|
0-0: Called Strike 0-1: Foul Ball, location: 2F 0-2: Ball 1-2: Foul Ball, location: 2F 1-2: Strikes out swinging
|
Batting: LHB Terry Maloney
|
0-0: Ball 1-0: Foul Ball, location: 2F 1-1: Ball 2-1: Foul Ball, location: 2F 2-2: Strikes out swinging
|
Top of the 7th over - 0 run(s), 0 hit(s), 0 error(s), 0 left on base; Austin 2 - Seattle 4 |
BOTTOM OF THE 7TH |
Seattle Pikes batting - Pitching for Austin River Sharks : RHP In-ho Om
|
Pitching: LHP António Coronado
|
|
Batting: LHB John Nicholson
|
0-0: Foul Ball, location: 2F 0-1: Fly out, F7 (Flyball, 78XD)
|
Batting: RHB Iván Gonzáles
|
0-0: Ball 1-0: Called Strike 1-1: Ball 2-1: Foul Ball, location: 2F 2-2: Ground out 4-3 (Groundball, 4)
|
Batting: LHB Roberto Lozano
|
0-0: SINGLE (Line Drive, 6MD)
|
Batting: SHB António Hernández
|
0-0: Called Strike 0-1: Ball 1-1: Ball 2-1: Called Strike 2-2: Strikes out swinging
|
Bottom of the 7th over - 0 run(s), 1 hit(s), 0 error(s), 1 left on base; Austin 2 - Seattle 4 |
TOP OF THE 8TH |
Austin River Sharks batting - Pitching for Seattle Pikes : RHP António Rijo
|
Pitching: LHP Manny Sandoval
|
|
Batting: RHB Clark Hodge
|
0-0: Ball 1-0: Called Strike 1-1: Called Strike 1-2: Ball 2-2: Ball 3-2: Base on Balls
|
Pitching: RHP Orlando Ojeda
|
|
Batting: SHB Juan Acevado
|
0-0: Ball 1-0: Ball 2-0: Ball 3-0: Called Strike 3-1: Grounds into double play, 5-4-3 (Groundball, 5L)
|
Batting: RHB Orlando Bruno
|
0-0: Called Strike 0-1: Called Strike 0-2: Foul Ball, location: 2F 0-2: Strikes out swinging
|
Top of the 8th over - 0 run(s), 0 hit(s), 0 error(s), 0 left on base; Austin 2 - Seattle 4 |
BOTTOM OF THE 8TH |
Seattle Pikes batting - Pitching for Austin River Sharks : LHP António Coronado
|
Batting: RHB António Ortega
|
0-0: Fly out, F9 (Flyball, 9S)
|
Batting: RHB Manuel Rico
|
0-0: Ball 1-0: Ball 2-0: Called Strike 2-1: SINGLE (Groundball, 6) (infield hit)
|
Batting: RHB Pete Rideout
|
0-0: Called Strike 0-1: Ball 1-1: Ball 2-1: Ball 3-1: Base on Balls Manuel Rico to second
|
Pinch Hitting: RHB Eugene Gill
|
0-0: Called Strike 0-1: Foul Ball, location: 2F 0-2: Ball 1-2: Ball 2-2: Ball 3-2: SINGLE (Groundball, 34) (infield hit) Manuel Rico to third Pete Rideout to second
|
Batting: RHB Wallace Greene
|
0-0: Ball 1-0: Ball Passed Ball! Manuel Rico scores Pete Rideout to third Eugene Gill to second 2-0: Intentional Walk
|
Pinch Hitting: RHB Robert Johnson
|
0-0: Called Strike 0-1: Ball 1-1: Swinging Strike 1-2: Strikes out looking
|
Batting: RHB Iván Gonzáles
|
0-0: Ball 1-0: Called Strike 1-1: Fly out, F7 (Flyball, 7LS)
|
Bottom of the 8th over - 1 run(s), 2 hit(s), 0 error(s), 3 left on base; Austin 2 - Seattle 5 |
TOP OF THE 9TH |
Austin River Sharks batting - Pitching for Seattle Pikes : RHP Orlando Ojeda
|
Pitching: LHP Cristián Escobar
|
|
Now at SS: Eugene Gill
|
|
Now in RF: Henning Huisman
|
|
Batting: RHB Carlos Guzmán
|
0-0: Fly out, F9 (Line Drive, 9D)
|
Batting: SHB Juan Castro
|
0-0: Foul Ball, location: 2F 0-1: Called Strike 0-2: Ball 1-2: Foul Ball, location: 2F 1-2: Ground out 1-3 (Groundball, 15)
|
Batting: LHB Pedro Zaragoza
|
0-0: Swinging Strike 0-1: Swinging Strike 0-2: Ball 1-2: Ball 2-2: Ball 3-2: Strikes out looking
|
Top of the 9th over - 0 run(s), 0 hit(s), 0 error(s), 0 left on base; Austin 2 - Seattle 5 |
|